 Dungeon Crawl Stone Soup version 0.22-a0-135-g6f012ad (webtiles) character file.

1293 kuniqs the Caller (level 8, -11/58 HPs)
             Began as a Gnoll Summoner on Jan 31, 2018.
             Mangled by an orc warrior
             ... wielding a +0 long sword
              (16 damage)
             ... on level 6 of the Dungeon.
             The game lasted 00:08:51 (3565 turns).

kuniqs the Caller (Gnoll Summoner)                  Turns: 3565, Time: 00:08:52

Health: -11/58     AC: 13    Str: 10    XL:     8   Next: 56%
Magic:  17/17      EV: 13    Int: 30    God:
Gold:   181        SH:  0    Dex: 15    Spells: 6/19 levels left

rFire    . . .     SeeInvis .   u - +8 whip "Feyt" {vamp, +Blink Int+9}
rCold    + . .     Gourm    .   (no shield)
rNeg     + . .     Faith    .   p - +5 ring mail {rN+}
rPois    .         Spirit   .   q - +0 helmet
rElec    .         Reflect  .   (no cloak)
rCorr    .         Harm     .   (no gloves)
MR       .....                  w - +0 pair of boots
Stlth    ++........             (no amulet)
HPRegen  0.19/turn              b - ring of protection from cold
MPRegen  0.15/turn              (no ring)

@: no status effects
A: distributed training, fangs 1, strong nose
a: Evoke Blink


You were on level 6 of the Dungeon.
You were not hungry.

You visited 1 branch of the dungeon, and saw 6 of its levels.

You collected 181 gold pieces.

Inventory:

Hand Weapons
 u - the +8 whip "Feyt" (weapon) {vamp, +Blink Int+9}
   (You found it on level 4 of the Dungeon)

   It inflicts no extra harm, but heals its wielder when it wounds a living foe.
   It affects your intelligence (+9).
   It lets you blink.
Armour
 p - a +5 ring mail of positive energy (worn)
 q - a +0 helmet (worn)
 w - a +0 pair of boots (worn)
Jewellery
 b - a ring of protection from cold (left hand)
Scrolls
 a - a scroll of enchant weapon
 d - 2 scrolls of identify {@r1}
 h - a scroll of fear
 j - 3 scrolls of enchant armour
 k - 3 scrolls of teleportation
 o - a scroll of blinking {unknown}
 t - 2 scrolls of amnesia
 v - a scroll of magic mapping {unknown}
Potions
 e - 2 potions of lignification {unknown}
 g - a potion of ambrosia {unknown}
 i - 2 potions of magic {unknown}
 l - a potion of berserk rage {unknown}
 m - a potion of invisibility {unknown}
 n - 2 potions of flight {unknown}
 r - 3 potions of curing {unknown}
 s - a potion of haste {unknown}
Comestibles
 c - 6 rations
 f - 10 chunks of flesh


   Skills:
 + Level 3.3 Fighting
 + Level 3.3 Short Blades
 + Level 3.3 Long Blades
 + Level 3.3 Axes
 + Level 3.3 Maces & Flails
 + Level 3.3 Polearms
 + Level 3.3 Staves
 + Level 3.3 Slings
 + Level 3.3 Bows
 + Level 3.3 Crossbows
 + Level 3.3 Throwing
 + Level 3.3 Armour
 + Level 5.7 Dodging
 + Level 5.4 Stealth
 + Level 3.3 Shields
 + Level 3.3 Unarmed Combat
 + Level 6.0 Spellcasting
 + Level 2.7 Conjurations
 + Level 2.7 Hexes
 + Level 2.7 Charms
 + Level 7.6 Summonings
 + Level 2.7 Necromancy
 + Level 2.7 Translocations
 + Level 2.7 Transmutations
 + Level 2.7 Fire Magic
 + Level 2.7 Ice Magic
 + Level 2.7 Air Magic
 + Level 2.7 Earth Magic
 + Level 2.7 Poison Magic
 + Level 3.6 Invocations
 + Level 3.3 Evocations


You had 6 spell levels left.
You knew the following spells:

 Your Spells              Type           Power        Failure   Level  Hunger
b - Call Imp              Summ           ######..     1%          2    None
c - Call Canine Familiar  Summ           ######..     1%          3    None
d - Summon Ice Beast      Ice/Summ       #####...     16%         4    ###....
e - Summon Lightning Spi  Summ/Air       #####...     16%         4    ###....


Dungeon Overview and Level Annotations

Branches:
Dungeon (6/15)
 Temple: D:4-7

Altars:
Vehumet


Innate Abilities, Weirdness & Mutations

Your experience applies equally to all skills.
You have very sharp teeth.
Your uncanny sense of smell can sniff out nearby items.


Message History

The orc hits you but does no damage.
The crimson imp hits you but does no damage.
You whack the orc!
You kill the orc!
The crimson imp lashes its tail.
The crimson imp closely misses you.
The orc warrior hits you with a long sword!
* * * LOW HITPOINT WARNING * * *
The crimson imp hits you but does no damage.
Things that are here:
a dagger; a scale mail; an orc corpse The crimson imp hits you but does no damage.
The orc warrior barely misses you.
Found 14 gold pieces and 20 stones.
The crimson imp closely misses you.
The crimson imp blinks!
Found 8 stones.
There is an escape hatch in the ceiling here.
The orc warrior hits you with a long sword!
You die...

#...# #.......# # #>..#
####.#### #####.##
#..... ......# #.##.#
####### #.##.# #### #.#
...# ##########.# .
##.###..?.......####..(.
.......#####.5.o@.....#
.#.....!..#.......##.##
....#..##))........#
..#....##)...."....#
....#.###........$.#
.##.#.# #.#.......## .
#...?...##.....## #
#...?.#####....# #.....
###.#


You could see an orc warrior and a crimson imp.

Vanquished Creatures
  Duvessa (D:5)
  An ice beast (D:6)
  An ogre (D:6)
  Dowan (D:5)
  A howler monkey (D:5)
  2 crimson imps
  An orc priest (D:3)
  An iguana (D:4)
  Natasha (twice) (D:4)
  An orc wizard (D:6)
  8 worker ants
  A worker ant zombie (D:5)
  6 adders
  6 gnolls
  A shadow imp (D:5)
  An adder skeleton (D:6)
  A worm (D:4)
  A dart slug (D:4)
  3 leopard geckos (D:3)
  6 orcs
  2 ball pythons
  4 hobgoblins
  2 jackals (D:4)
  3 kobolds
  A quokka (D:3)
  2 bats
  A leopard gecko skeleton (D:5)
  3 rats (D:3)
64 creatures vanquished.

Vanquished Creatures (collateral kills)
  Sigmund (D:2)
  Edmund (D:5)
  2 ogres
  3 orc wizards
  Terence (D:2)
  An ooze (D:1)
  A worm (D:2)
  A dart slug (D:1)
  4 orcs (D:3)
  3 giant cockroaches
  4 goblins
  6 hobgoblins
  2 jackals (D:1)
  5 kobolds
  3 bats
  A frilled lizard (D:3)
  4 rats
43 creatures vanquished.

Grand Total: 107 creatures vanquished

Notes
Turn   | Place    | Note
-------+----------+-------------------------------------------
     0 | D:1      | kuniqs the Gnoll Summoner began the quest for the Orb.
     0 | D:1      | Reached XP level 1. HP: 13/13 MP: 6/6
   260 | D:1      | Reached XP level 2. HP: 13/19 MP: 5/7
   273 | D:1      | Learned a level 2 spell: Call Imp
   663 | D:2      | Noticed Terence
   670 | D:2      | Reached XP level 3. HP: 21/25 MP: 3/9
   692 | D:2      | Killed Terence
   692 | D:2      | Reached skill level 5 in Spellcasting
   692 | D:2      | Reached skill level 1 in Invocations
   713 | D:2      | Learned a level 3 spell: Call Canine Familiar
   758 | D:2      | Noticed Sigmund
   839 | D:2      | Killed Sigmund
   839 | D:2      | Reached skill level 1 in Fighting
   839 | D:2      | Reached skill level 1 in Short Blades
   839 | D:2      | Reached skill level 1 in Long Blades
   839 | D:2      | Reached skill level 1 in Axes
   839 | D:2      | Reached skill level 1 in Maces & Flails
   839 | D:2      | Reached skill level 1 in Polearms
   839 | D:2      | Reached skill level 1 in Staves
   839 | D:2      | Reached skill level 1 in Slings
   839 | D:2      | Reached skill level 1 in Bows
   839 | D:2      | Reached skill level 1 in Crossbows
   839 | D:2      | Reached skill level 1 in Throwing
   839 | D:2      | Reached skill level 1 in Armour
   839 | D:2      | Reached skill level 1 in Shields
   839 | D:2      | Reached skill level 1 in Unarmed Combat
   839 | D:2      | Reached skill level 1 in Conjurations
   839 | D:2      | Reached skill level 1 in Hexes
   839 | D:2      | Reached skill level 1 in Charms
   839 | D:2      | Reached skill level 1 in Necromancy
   839 | D:2      | Reached skill level 1 in Translocations
   839 | D:2      | Reached skill level 1 in Transmutations
   839 | D:2      | Reached skill level 1 in Fire Magic
   839 | D:2      | Reached skill level 1 in Ice Magic
   839 | D:2      | Reached skill level 1 in Air Magic
   839 | D:2      | Reached skill level 1 in Earth Magic
   839 | D:2      | Reached skill level 1 in Poison Magic
   839 | D:2      | Reached skill level 1 in Evocations
   839 | D:2      | Reached XP level 4. HP: 19/32 MP: 1/11
   839 | D:2      | Reached XP level 5. HP: 22/37 MP: 1/12
  1145 | D:2      | Learned a level 4 spell: Summon Ice Beast
  1150 | D:2      | Learned a level 4 spell: Summon Lightning Spire
  1292 | D:3      | Noticed an ogre
  1310 | D:3      | Killed an ogre
  1447 | D:3      | Reached XP level 6. HP: 43/44 MP: 13/13
  1632 | D:3      | Reached skill level 5 in Dodging
  2048 | D:4      | Got a scorched whip
  2052 | D:4      | Identified the +8 whip "Feyt" {vamp, +Blink Int+9} (You found it on level 4 of the Dungeon)
  2267 | D:4      | Reached XP level 7. HP: 49/50 MP: 15/15
  2388 | D:4      | Noticed Natasha
  2396 | D:4      | Killed Natasha
  2558 | D:4      | Found a radiant altar of Vehumet.
  2630 | D:4      | Noticed Natasha
  2636 | D:4      | Killed Natasha
  2692 | D:5      | Entered Level 5 of the Dungeon
  2773 | D:5      | Noticed Edmund
  2781 | D:5      | Killed Edmund
  2781 | D:5      | Reached skill level 5 in Stealth
  2814 | D:5      | Identified the +8 war axe "Iklaf" {flame, Str-2 Int+10 Dex-4} (You found it on level 5 of the Dungeon)
  3192 | D:5      | Noticed Dowan
  3193 | D:5      | Noticed Duvessa
  3209 | D:5      | Killed Duvessa
  3209 | D:5      | Reached XP level 8. HP: 51/57 MP: 16/16
  3211 | D:5      | Killed Dowan
  3565 | D:6      | Mangled by an orc warrior

Vault maps used:
D:1:      evilmike_arrival_plus
D:2:      minmay_tall_x, uniq_terence, uniq_sigmund
D:3:      minmay_misc_feat_four_crosses, kennysheep_nub
D:4:      kennysheep_mini_moat, minmay_item_behind_shaft, uniq_natasha
D:5:      first_ration, uniq_duvessa, uniq_edmund

Skill      XL: |  1  2  3  4  5  6  7  8 |
---------------+-------------------------+-----
Spellcasting   | 5 6 |  6.0
Invocations    | 1 2 3 |  3.6
Fighting       | 1 2 3 |  3.3
Short Blades   | 1 2 3 |  3.3
Long Blades    | 1 2 3 |  3.3
Axes           | 1 2 3 |  3.3
Maces & Flails | 1 2 3 |  3.3
Polearms       | 1 2 3 |  3.3
Staves         | 1 2 3 |  3.3
Slings         | 1 2 3 |  3.3
Bows           | 1 2 3 |  3.3
Crossbows      | 1 2 3 |  3.3
Throwing       | 1 2 3 |  3.3
Armour         | 1 2 3 |  3.3
Shields        | 1 2 3 |  3.3
Unarmed Combat | 1 2 3 |  3.3
Conjurations   | 1 2 |  2.7
Hexes          | 1 2 |  2.7
Charms         | 1 2 |  2.7
Necromancy     | 1 2 |  2.7
Translocations | 1 2 |  2.7
Transmutations | 1 2 |  2.7
Fire Magic     | 1 2 |  2.7
Ice Magic      | 1 2 |  2.7
Air Magic      | 1 2 |  2.7
Earth Magic    | 1 2 |  2.7
Poison Magic   | 1 2 |  2.7
Evocations     | 1 2 3 |  3.3
Dodging        | 5 |  5.7
Stealth        | 5 |  5.4
Summonings     | |  7.6

Action                   |  1- 3 |  4- 6 |  7- 9 || total
-------------------------+-------+-------+-------++-------
Melee: Short sword       |    20 |    89 |       ||   109
       Unarmed           |     6 |       |       ||     6
       Bite              |     6 |     9 |    10 ||    25
       Whip              |       |    21 |   153 ||   174
       Punch             |       |     1 |     2 ||     3
 Cast: Summon Small Mamm |    14 |       |       ||    14
       Call Imp          |    10 |     6 |       ||    16
       Call Canine Famil |     1 |     2 |     1 ||     4
       Summon Ice Beast  |       |       |     1 ||     1
  Use: Scroll            |       |     2 |     7 ||     9
 Stab: Sleeping          |     1 |     2 |     1 ||     4
       Distracted        |     1 |     3 |       ||     4
  Eat: Chunk             |       |     4 |     3 ||     7
       Ration            |       |     2 |       ||     2
Armor: Robe              |     8 |       |       ||     8
       Ring mail         |     1 |    62 |    64 ||   127
Dodge: Dodged            |    28 |    79 |   101 ||   208

Table legend:
 A = Spawn XP
 B = Non-spawn XP
 C = Spawn XP percentage of total XP
 D = Spawn monster count
 E = Non-spawn monster count
 F = Spawn count percentage of total count
 G = Total turns spent on level
                    A         B        C        D         E        F      G
               +---------+---------+-------+---------+---------+-------+---------
         Total |       0 |    1848 |   0.0 |       0 |     107 |   0.0 |  3565
               +---------+---------+-------+---------+---------+-------+---------
           D:1 |       0 |      20 |   0.0 |       0 |      15 |   0.0 |   449
           D:2 |       0 |     226 |   0.0 |       0 |      20 |   0.0 |   843
           D:3 |       0 |     224 |   0.0 |       0 |      30 |   0.0 |   629
           D:4 |       0 |     270 |   0.0 |       0 |      12 |   0.0 |   771
           D:5 |       0 |     649 |   0.0 |       0 |      15 |   0.0 |   680
           D:6 |       0 |     459 |   0.0 |       0 |      15 |   0.0 |   193
               +---------+---------+-------+---------+---------+-------+---------
